 Dungeon Crawl Stone Soup version 0.29-a0-541-gaf1fc19f1b (webtiles) character file.

Game seed: 14593234092340461932

113 bande the Slinger (level 4, 0/38 HPs)
             Began as a Gnoll Wanderer on June 2, 2022.
             Slain by an orc
             ... wielding a +0 club
              (3 damage)
             ... on level 4 of the Dungeon.
             The game lasted 00:04:17 (3108 turns).

bande the Slinger (Gnoll Wanderer)                  Turns: 3108, Time: 00:04:17

Health: 0/38       AC:  6    Str: 12    XL:     4   Next: 96%
Magic:  5/5        EV: 12    Int: 11    God:
Gold:   300        SH:  0    Dex: 13    Spells: 5/5 levels left

rFire   . . .      SeeInvis .   b - +0 hand axe
rCold   . . .      Faith    .   (no shield)
rNeg    . . .      Spirit   .   e - +0 leather armour
rPois   .          Reflect  .   (no helmet)
rElec   .          Harm     .   c - +1 cloak
rCorr   .          Rampage  .   r - +0 pair of gloves
Will    .....                   (no boots)
Stlth   +.........              (no amulet)
HPRegen 0.12/turn               (no ring)
MPRegen 0.09/turn               (no ring)

@: no status effects
A: fangs 1, strong nose, distributed training
a: no special abilities


You were on level 4 of the Dungeon.
You visited 1 branch of the dungeon, and saw 4 of its levels.

You collected 300 gold pieces.

Inventory:

Hand Weapons
 a - a +2 hunting sling
 b - a +0 hand axe (weapon)
 A - a +0 flail
Missiles
 f - a throwing net
Armour
 c - a +1 cloak (worn)
 e - a +0 leather armour (worn)
 r - a +0 pair of gloves (worn)
Magical Staves
 w - a staff of cold
 x - a staff of fire
Wands
 s - a wand of flame (15)
Scrolls
 d - 3 scrolls of teleportation
 q - 2 scrolls of enchant armour
 u - a scroll of fog
 v - 3 scrolls of identify
 y - a scroll of blinking {unknown}
 z - a scroll of fear
Potions
 g - 2 potions of brilliance {unknown}
 h - 2 potions of degeneration {unknown}
 i - 2 potions of curing
 j - a potion of invisibility {unknown}
 k - a potion of cancellation {unknown}
 l - a potion of berserk rage {unknown}
 m - 2 potions of mutation {unknown}
 n - 3 potions of heal wounds {unknown}
 o - a potion of magic {unknown}
 p - 2 potions of haste {unknown}
 t - a potion of lignification {unknown}


   Skills:
 + Level 4.7 Fighting
 + Level 1.3 Short Blades
 + Level 1.3 Long Blades
 + Level 6.6 Axes
 + Level 1.3 Maces & Flails
 + Level 1.3 Polearms
 + Level 1.3 Staves
 + Level 8.6 Slings
 + Level 1.3 Bows
 + Level 1.3 Crossbows
 + Level 1.3 Throwing
 + Level 1.3 Armour
 + Level 2.8 Dodging
 + Level 1.3 Stealth
 + Level 1.3 Shields
 + Level 1.3 Unarmed Combat
 + Level 1.3 Spellcasting
 + Level 1.0 Conjurations
 + Level 1.0 Hexes
 + Level 1.0 Summonings
 + Level 1.0 Necromancy
 + Level 1.0 Translocations
 + Level 1.0 Transmutations
 + Level 1.0 Fire Magic
 + Level 1.0 Ice Magic
 + Level 1.0 Air Magic
 + Level 1.0 Earth Magic
 + Level 1.0 Poison Magic
 + Level 1.4 Invocations
 + Level 1.3 Evocations


You had 5 spell levels left.
You didn't know any spells.
Your spell library contained the following spells:

 Spells                   Type           Power      Damage    Failure   Level
 Necrotize                Necr           12%        1d4       26%         1
 Ignite Poison            Fire/Tmut/Pois 3%         N/A       61%         3
 Mephitic Cloud           Conj/Pois/Air  3%         N/A       61%         3
 Vampiric Draining        Necr           3%         2d6       61%         3
 Agony                    Necr           3%         N/A       100%        5
 Freezing Cloud           Conj/Ice/Air   1%         6-21      100%        5
 Dispersal                Tloc           1%         N/A       100%        6
 Disjunction              Tloc           1%         N/A       100%        8


Dungeon Overview and Level Annotations

Branches:
Dungeon (4/15)
 Temple: D:4-7

Altars:

Shops:
D:4 *

Annotations:
D:4 Grinder


Innate Abilities, Weirdness & Mutations

You have very sharp teeth.
Your uncanny sense of smell can sniff out nearby items.
Your experience applies equally to all skills.


Message History

Grinder is heavily wounded.
Grinder hits you.
You writhe in agony.
You shoot a sling bullet.
The sling bullet closely misses Grinder.
Grinder barely misses you.
You shoot a sling bullet.
The sling bullet hits Grinder but does no damage.
Grinder is heavily wounded.
Grinder barely misses you. The orc closely misses you.
You shoot a sling bullet. The sling bullet barely misses Grinder.
Grinder hits you.
You writhe in agony.
The orc misses you.
You shoot a sling bullet.
The sling bullet closely misses Grinder.
Grinder hits you!
You writhe in agony.
* * * LOW HITPOINT WARNING * * *
The orc hits you but does no damage.
You are too injured to fight recklessly!
You are too injured to fight recklessly!
You are too injured to fight recklessly!
You are too injured to fight recklessly!
You are too injured to fight recklessly!
You are too injured to fight recklessly!
You are too injured to fight recklessly!
Unknown command.
b - a +0 hand axe (weapon)
Grinder gestures at you. Pain shoots through your body!
* * * LOW HITPOINT WARNING * * *
The orc closely misses you.
You feel better. Grinder barely misses you.
The orc hits you but does no damage.
Unknown command.
You barely miss Grinder.
Grinder is heavily wounded.
You hit the orc.
Grinder says, "At least Makhleb appreciates what I'm doing."
Grinder hits you.
* * * LOW HITPOINT WARNING * * *
The orc hits you with a +0 club.
You die...

###### .....# ########
.....# #......# .....#
#......#
.....#########......####
.....'..)....+......>..#
.....#########...o...#
................@5# .#
#################†#..#
.......(.............#
#################.#.....#
#.#..#..# #.# .# .# ..#
.. ..# .. ∆ ... ..#


You could see Grinder and an orc.

Vanquished Creatures
  3 adders
  2 dart slugs
  6 orcs (D:3)
  6 ball pythons
  7 bats
  5 endoplasms
  A giant cockroach (D:1)
  5 goblins
  4 hobgoblins
  9 jackals
  8 kobolds
  4 quokkas
  3 frilled lizards (D:1)
  3 rats
66 creatures vanquished.

Notes
Turn   | Place    | Note
-------+----------+-------------------------------------------
     0 | D:1      | bande the Gnoll Wanderer began the quest for the Orb.
     0 | D:1      | bande set off with the following items: a +2 hunting sling,
                  | a +0 hand axe, a +0 cloak, a scroll of teleportation, a +0
                  | leather armour
     0 | D:1      | Reached XP level 1. HP: 20/20 MP: 1/1
   189 | D:1      | Reached XP level 2. HP: 26/26 MP: 2/2
   691 | D:1      | Reached XP level 3. HP: 31/31 MP: 3/3
   691 | D:1      | Found a faded altar of an unknown god.
  1269 | D:2      | Reached skill level 1 in Invocations
  1654 | D:3      | Reached skill level 1 in Short Blades
  1654 | D:3      | Reached skill level 1 in Long Blades
  1654 | D:3      | Reached skill level 1 in Maces & Flails
  1654 | D:3      | Reached skill level 1 in Polearms
  1654 | D:3      | Reached skill level 1 in Staves
  1654 | D:3      | Reached skill level 1 in Bows
  1654 | D:3      | Reached skill level 1 in Crossbows
  1654 | D:3      | Reached skill level 1 in Throwing
  1654 | D:3      | Reached skill level 1 in Armour
  1654 | D:3      | Reached skill level 1 in Stealth
  1654 | D:3      | Reached skill level 1 in Shields
  1654 | D:3      | Reached skill level 1 in Unarmed Combat
  1654 | D:3      | Reached skill level 1 in Spellcasting
  1654 | D:3      | Reached skill level 1 in Evocations
  1710 | D:3      | Reached XP level 4. HP: 38/38 MP: 5/5
  2644 | D:4      | Reached skill level 1 in Conjurations
  2644 | D:4      | Reached skill level 1 in Hexes
  2644 | D:4      | Reached skill level 1 in Summonings
  2644 | D:4      | Reached skill level 1 in Necromancy
  2644 | D:4      | Reached skill level 1 in Translocations
  2644 | D:4      | Reached skill level 1 in Transmutations
  2644 | D:4      | Reached skill level 1 in Fire Magic
  2644 | D:4      | Reached skill level 1 in Ice Magic
  2644 | D:4      | Reached skill level 1 in Air Magic
  2644 | D:4      | Reached skill level 1 in Earth Magic
  2644 | D:4      | Reached skill level 1 in Poison Magic
  2971 | D:4      | Found Kotyuzyh's General Store.
  3094 | D:4      | Noticed Grinder
  3106 | D:4      | HP: 1/38 [Grinder/nerve-wracking pain (9)]
  3108 | D:4      | Slain by an orc

Illustrated notes

Levels and vault maps discovered:
D:1:      amcnicky_arrival_feature_with_door, layout_loops_corners,
          chequers_ecumenical_altar_island
D:2:      layout_loops_cross
D:3:      layout_basic, minmay_randomly_rotated_circles
D:4:      layout_basic, serial_shops, shop, uniq_grinder

Skill      XL: |  1  2  3  4 |
---------------+-------------+-----
Invocations    | 1 |  1.4
Short Blades   | 1 |  1.3
Long Blades    | 1 |  1.3
Maces & Flails | 1 |  1.3
Polearms       | 1 |  1.3
Staves         | 1 |  1.3
Bows           | 1 |  1.3
Crossbows      | 1 |  1.3
Throwing       | 1 |  1.3
Armour         | 1 |  1.3
Stealth        | 1 |  1.3
Shields        | 1 |  1.3
Unarmed Combat | 1 |  1.3
Spellcasting   | 1 |  1.3
Evocations     | 1 |  1.3
Conjurations   | 1 |  1.0
Hexes          | 1 |  1.0
Summonings     | 1 |  1.0
Necromancy     | 1 |  1.0
Translocations | 1 |  1.0
Transmutations | 1 |  1.0
Fire Magic     | 1 |  1.0
Ice Magic      | 1 |  1.0
Air Magic      | 1 |  1.0
Earth Magic    | 1 |  1.0
Poison Magic   | 1 |  1.0
Fighting       | |  4.7
Axes           | |  6.6
Slings         | |  8.6
Dodging        | |  2.8

Action                   |  1- 3 |  4- 6 || total
-------------------------+-------+-------++-------
Melee: Hand axe          |       |     1 ||     1
 Fire: Hunting sling     |   101 |    94 ||   195
  Use: Scroll            |     3 |     3 ||     6
       Potion            |       |     1 ||     1
Armor: Leather armour    |    11 |    16 ||    27
Dodge: Dodged            |    23 |    31 ||    54

Table legend: (Time is in decaauts)
 A = Elapsed time spent in this place.
 B = Non-inter-level travel time spent in this place.
 C = Inter-level travel time spent in this place.
 D = Time resting spent in this place.
 E = Time spent auto-exploring this place.
 F = Levels seen in this place.
 G = Mean time per level.
                   A        B        C        D        E       F      G
               +--------+--------+--------+--------+--------+-----+--------+
         Total |   3131 |   3035 |     96 |      0 |   2604 |   4 |  782.8 |
       Dungeon |   3131 |   3035 |     96 |      0 |   2604 |   4 |  782.8 |
               +--------+--------+--------+--------+--------+-----+--------+

Top non-repeatable levels by time:
     D:1: 1016 daAuts
     D:3: 935 daAuts
     D:2: 637 daAuts
     D:4: 540 daAuts
